 Dungeon Crawl Stone Soup version 0.23.1 (webtiles) character file.

Game seed: 12297120124000115359

81 Borgoz the Sneak (level 4, -2/35 HPs)
             Began as a Ghoul Enchanter on Mar 14, 2019.
             Slain by a gnoll
             ... wielding a +0 whip
              (6 damage)
             ... on level 2 of the Dungeon.
             The game lasted 00:03:12 (1608 turns).

Borgoz the Sneak (Ghoul Enchanter)                  Turns: 1608, Time: 00:03:12

Health: -2/35      AC:  3    Str: 11    XL:     4   Next: 42%
Magic:  6/6        EV: 11    Int: 10    God:
Gold:   110        SH:  0    Dex: 10    Spells: 6/7 levels left

rFire    . . .     SeeInvis .   a - +1 dagger (venom)
rCold    + + .     Gourm    .   (no shield)
rNeg     + + +     Faith    .   i - +0 leather armour
rPois    ∞         Spirit   .   (no helmet)
rElec    .         Reflect  .   (no cloak)
rCorr    .         Harm     .   (no gloves)
MR       .....                  (no boots)
Stlth    ++........             (no amulet)
HPRegen  0.00/turn              l - ring of protection from cold
MPRegen  0.10/turn              (no ring)

@: rotting
A: rotting body, claws 1, carnivore, cold resistance 1, negative energy
resistance 3, inhibited regeneration, torment resistance, unbreathing
a: no special abilities


You were on level 2 of the Dungeon.
You were not hungry.

You visited 1 branch of the dungeon, and saw 3 of its levels.

You collected 110 gold pieces.

Inventory:

Hand Weapons
 a - a +1 dagger of venom (weapon)
 j - a +1 dagger of pain
Armour
 i - a +0 leather armour (worn)
Jewellery
 l - a ring of protection from cold (left claw)
Scrolls
 e - a scroll of identify {unknown}
 f - a scroll of immolation {unknown}
 g - a scroll of remove curse {unknown}
 n - 2 scrolls of amnesia {unknown}
 o - a scroll of fear {unknown}
Potions
 b - a potion of might {unknown}
 c - a potion of flight {unknown}
 h - a potion of invisibility {unknown}
 k - a potion of curing {unknown}
Comestibles
 d - 5 rations
 m - 3 chunks of flesh


   Skills:
 + Level 1.1 Fighting
 * Level 1.8 Short Blades
 * Level 1.2 Armour
 + Level 2.1 Dodging
 + Level 3.6 Stealth
 + Level 2.0 Spellcasting
 * Level 2.8 Hexes


You had 6 spell levels left.
You knew the following spells:

 Your Spells              Type           Power        Failure   Level  Hunger
a - Corona                Hex            #......      13%         1    ##.....

Your spell library contained the following spells:

 Spells                   Type           Power        Failure   Level  Hunger
 Ensorcelled Hibernation  Hex/Ice        #.....       34%         2    ###....
 Confuse                  Hex            #.......     36%         3    ####...
 Tukima's Dance           Hex            #.......     36%         3    ####...
 Dazzling Spray           Conj/Hex       #.....       56%         3    ####...


Dungeon Overview and Level Annotations

Branches:
Dungeon (3/15)

Altars:
Uskayaw


Innate Abilities, Weirdness & Mutations

Your body is rotting away.
You thrive on raw meat.
You are immune to poison.
You have sharp fingernails.
You are carnivorous and can eat meat at any time.
Your flesh is cold resistant. (rC+)
You are immune to negative energy. (rN+++)
You do not regenerate when monsters are visible.
You are immune to unholy pain and torment.
You can survive without breathing.


Message History

You hit the gnoll but do no damage.
The gnoll is poisoned.
The leopard gecko bites you. The gnoll misses you.
Okay, then.
The leopard gecko bites you. The gnoll hits you with a +0 whip.
The gnoll completely misses you.
You climb upwards.
There is a stone staircase leading down here.
You hit the leopard gecko but do no damage.
The leopard gecko is poisoned.
The leopard gecko closely misses you. The gnoll hits you with a +0 whip.
The leopard gecko bites you but does no damage.
You closely miss the gnoll.
The gnoll is lightly wounded.
The gnoll hits you with a +0 whip!
* * * LOW HITPOINT WARNING * * *
The leopard gecko bites you but does no damage.
You hit the gnoll.
The gnoll looks as sick as possible!
The gnoll is heavily wounded.
The gnoll hits you with a +0 whip.
You die...

##################
#@l.......÷.......
#g################ ##.#####
#......# #......#
#......############
##########..................
#...............###.........
#.#######.......# #.########


You could see a gnoll and a leopard gecko.

Vanquished Creatures
  A gnoll (D:3)
  An adder (D:2)
  An ooze (D:1)
  3 dart slugs (D:1)
  A leopard gecko (D:2)
  10 bats
  2 giant cockroaches (D:2)
  3 hobgoblins
  4 jackals
  2 quokkas (D:2)
  3 frilled lizards
  7 goblins
  5 kobolds
  7 rats
50 creatures vanquished.

Notes
Turn   | Place    | Note
-------+----------+-------------------------------------------
     0 | D:1      | Borgoz the Ghoul Enchanter began the quest for the Orb.
     0 | D:1      | Reached XP level 1. HP: 14/14 MP: 2/2
   135 | D:1      | Reached skill level 1 in Short Blades
   169 | D:1      | Reached XP level 2. HP: 19/20 MP: 3/3
   411 | D:1      | Reached XP level 3. HP: 24/27 MP: 4/4
   855 | D:2      | Reached skill level 1 in Armour
   976 | D:2      | Noticed a +0 dagger
   976 | D:2      | Noticed a +0 dagger
   979 | D:2      | Found a hide-covered altar of Uskayaw.
  1073 | D:2      | Reached XP level 4. HP: 21/34 MP: 6/6
  1230 | D:2      | Reached skill level 1 in Fighting
  1608 | D:2      | Slain by a gnoll

Skill      XL: |  1  2  3  4 |
---------------+-------------+-----
Short Blades   | 1 |  1.8
Dodging        | 2 |  2.1
Armour         | 1 |  1.2
Spellcasting   | 2 |  2.0
Fighting       | 1 |  1.1
Stealth        | |  3.6
Hexes          | |  2.8

Action                   |  1- 3 |  4- 6 || total
-------------------------+-------+-------++-------
Melee: Dagger            |   108 |    41 ||   149
 Stab: Sleeping          |     4 |     1 ||     5
  Eat: Chunk             |     7 |     4 ||    11
Armor: Robe              |    13 |       ||    13
       Leather armour    |    10 |    12 ||    22
Dodge: Dodged            |    70 |    27 ||    97
